 Dungeon Crawl Stone Soup version 0.29.1-15-g9cfb28693d (webtiles) character file.

Game seed: 10428654542545558369

91 GigaChad the Covered (level 4, 0/40 HPs)
             Began as a Minotaur Fighter on Mar 12, 2023.
             Succumbed to a kobold's poison
             ... on level 3 of the Dungeon.
             The game lasted 00:09:55 (1734 turns).

GigaChad the Covered (Minotaur Fighter)             Turns: 1734, Time: 00:09:55

Health: 0/40       AC: 10    Str: 22    XL:     4   Next: 34%
Magic:  3/3        EV:  7    Int:  5    God:
Gold:   94         SH:  4    Dex: 10    Spells: 3/3 levels left

rFire   . . .      SeeInvis .   a - +0 war axe
rCold   . . .      Faith    .   c - +0 buckler
rNeg    . . .      Spirit   .   f - +0 chain mail
rPois   .          Reflect  .   (helmet restricted)
rElec   .          Harm     .   n - +0 cloak
rCorr   .          Rampage  .   (no gloves)
Will    .....                   (no boots)
Stlth   ..........              (no amulet)
HPRegen 0.13/turn               (no ring)
MPRegen 0.08/turn               (no ring)

@: lethally poisoned (0 -> -4)
A: horns 2, retaliatory headbutt
a: no special abilities


You were on level 3 of the Dungeon.
You visited 1 branch of the dungeon, and saw 3 of its levels.

You collected 94 gold pieces.

Inventory:

Hand Weapons
 a - a +0 war axe (weapon)
Armour
 b - a +0 scale mail
 c - a +0 buckler (worn)
 f - a +0 chain mail (worn)
 l - a +0 chain mail
 n - a +0 cloak (worn)
 o - the +1 ring mail of the Game Afoot {Will+ Int+2}
   (You found it on level 2 of the Dungeon)

   Int:       It affects your intelligence (+2).
   Will:      It increases your willpower.
Scrolls
 e - 3 scrolls of identify
 h - a scroll of enchant armour {unknown}
 i - 2 scrolls of magic mapping
 j - a scroll of summoning
 m - a scroll of immolation {unknown}
 p - a scroll of poison {unknown}
Potions
 d - a potion of might
 g - 3 potions of brilliance {unknown}
 k - a potion of curing {unknown}


   Skills:
 + Level 4.2 Fighting
 + Level 4.1 Axes
 + Level 4.4 Armour
 + Level 0.2 Dodging
 + Level 0.1 Stealth
 + Level 4.0 Shields


You had 3 spell levels left.
You didn't know any spells.
Your spell library was empty.

Dungeon Overview and Level Annotations

Branches:
Dungeon (3/15)

Altars:
Kikubaaqudgha

Shops:
D:1 !

Annotations:
D:3 Grinder


Innate Abilities, Weirdness & Mutations

You have a pair of horns on your head.
You reflexively headbutt those who attack you in melee.


Message History

You closely miss Grinder.
Grinder is heavily wounded.
You barely miss the kobold.
The kobold hits you with a +1 dagger of venom.
You are poisoned.
Grinder hits you.
You closely miss Grinder.
Grinder is heavily wounded.
You hit the kobold but do no damage.
You feel very sick. You block the kobold's attack. Grinder hits you.
You writhe in agony.
* * * LOW HITPOINT WARNING * * *
You block Grinder's attack. The kobold hits you but does no damage.
You feel sick. You block the kobold's attack. Grinder gestures at you.
You suddenly lose the ability to move!
You feel sick. The kobold hits you but does no damage.
You are lethally poisoned!
Grinder gestures at you.
You shrug off the repeated paralysis!
* * * LOW HITPOINT WARNING * * *
You feel sick. The kobold completely misses you.
You can move again.
Unknown command.
Unknown command.
Unknown command.
Unknown command.
You closely miss the kobold. You hit Grinder but do no damage.
* * * LOW HITPOINT WARNING * * *
You feel very sick.
Grinder blinks!
You block the kobold's attack.
You slash the kobold!
You kill the kobold!
* * * LOW HITPOINT WARNING * * *
You feel sick.
* * * LOW HITPOINT WARNING * * *
You feel sick.
Things that are here:
a +1 dagger of venom; a kobold corpse You die...

..# ..### ...... #
...... .#.... ###....
#.##.#+# #.)@...#
#####.##.#######
######....?...#.....#
........5.......## #
.............#...##.#
..≈≈≈≈≈≈.≈≈........?#
..≈.......≈.##...##...#
..≈.#.###.≈..#...##.#.##
..≈.#...#.≈..#<.........


You could see Grinder.

Vanquished Creatures
  2 adders (D:2)
  A worm (D:2)
  2 dart slugs (D:1)
  6 endoplasms
  3 goblins
  8 hobgoblins
  5 quokkas
  11 ball pythons
  3 bats
  3 frilled lizards
  12 kobolds
  7 rats
63 creatures vanquished.

Vanquished Creatures (others)
  A plant (D:1)
1 creature vanquished.

Grand Total: 64 creatures vanquished

Notes
Turn   | Place    | Note
-------+----------+-------------------------------------------
     0 | D:1      | GigaChad the Minotaur Fighter began the quest for the Orb.
     0 | D:1      | Reached XP level 1. HP: 19/19 MP: 0/0
   222 | D:1      | Reached XP level 2. HP: 27/27 MP: 1/1
   363 | D:1      | Found a faded altar of an unknown god.
   506 | D:1      | Reached XP level 3. HP: 33/33 MP: 2/2
   689 | D:1      | Found Ysaumo's Distillery.
  1283 | D:2      | Identified the +1 ring mail of the Game Afoot {Will+ Int+2}
  1293 | D:2      | Reached XP level 4. HP: 38/40 MP: 3/3
  1708 | D:3      | Found an ancient bone altar of Kikubaaqudgha.
  1710 | D:3      | Noticed Grinder
  1724 | D:3      | Paralysed by Grinder for 2 turns
  1728 | D:3      | Paralysed by Grinder for 3 turns
  1732 | D:3      | HP: 2/40 [poisoned by a kobold]
  1734 | D:3      | Succumbed to a kobold's poison

Illustrated notes

Levels and vault maps discovered:
D:1:      dpeg_arrival_orchard, layout_basic, serial_shops,
          nicolae_shop_advertising_works [nicolae_subvault_shop_adworks],
          nicolae_ecumenical_snake_handling
D:2:      layout_rooms, bh_walls_and_bars
D:3:      layout_basic, mainiacjoe_overflow_brackets, minmay_bisected,
          uniq_grinder

Skill      XL: |  1  2  3 |
---------------+----------+-----
Armour         | 4 |  4.4
Axes           | 3 4 |  4.1
Shields        | 4 |  4.0
Fighting       | 4 |  4.2
Dodging        | |  0.2
Stealth        | |  0.1

Action                   |  1- 3 |  4- 6 || total
-------------------------+-------+-------++-------
Melee: War axe           |   101 |    20 ||   121
       Headbutt          |    13 |       ||    13
  Use: Scroll            |     2 |       ||     2
Armor: Scale mail        |    32 |       ||    32
       Chain mail        |    41 |     8 ||    49
Dodge: Dodged            |    39 |     3 ||    42
Block: Buckler           |    25 |    13 ||    38
